Map: Opérations galactiques EC

Players

minimalistic

  • Race: Protoss Protoss
  • League: Platinum
  • Spawn Location: 1:00

zidar - Winner!

  • Race: Zerg Zerg
  • League: Platinum
  • Spawn Location: 7:00

VOD

Have the link to the VOD?

Description

Time

  • Played on: Nov. 19, 2016, 11:51 a.m.
  • Length: 4:40
Show
View Real Time Build Order
Export as new Build Order

minimalistic Protoss 

Build Orders:  

Get SALT Encoding   

  12  0:01  Probe (Chrono Boost)  
  13  0:11  Probe (Chrono Boost)  
  14  0:19  Pylon  
  14  0:22  Probe (Chrono Boost)  
  15  0:37  Probe (Chrono Boost)  
  15  0:40  Gateway  
  16  0:47  Probe (Chrono Boost)  
  17  0:58  Probe (Chrono Boost)  
  18  1:06  Pylon  
  18  1:09  Forge  
  18  1:12  Probe (Chrono Boost)  
  19  1:22  Probe (Chrono Boost)  
  20  1:27  Zealot (Chrono Boost)  
  22  1:44  Photon Cannon  
  22  1:51  Zealot (Chrono Boost)  
  24  2:04  Nexus  
  23  2:17  Photon Cannon  
  23  2:20  Zealot (Chrono Boost)  
  25  2:26  Assimilator  
  25  2:35  Probe  
  26  2:40  Cybernetics Core  
  26  3:04  Pylon  
  26  3:11  Probe (Chrono Boost), Assimilator  
  27  3:17  Probe  
  28  3:22  Probe  
  29  3:28  Probe  
  29  3:33  Assimilator  
  30  3:34  Probe  
  30  3:38  Probe  
  32  3:43  Gateway  
  32  3:46  Gateway, Probe  
  33  3:51  Probe  
  33  3:54  Sentry (Chrono Boost)  
  36  3:58  Probe  
  37  4:03  Probe  
  38  4:11  Probe (Chrono Boost)  
  38  4:15  Probe (Chrono Boost)  
  41  4:31  Photon Cannon  
  41  4:36  Photon Cannon  
Show
View Real Time Build Order
Export as new Build Order

zidar Zerg - Winner!

Build Orders: Pool First 

Get SALT Encoding   

  12  0:01  Drone  
  13  0:11  Drone  
  14  0:20  Overlord, Extractor  
  14  0:38  Extractor, Drone x3  
  17  0:49  Spawning Pool  
  16  0:51  Drone  
  16  0:56  Extractor  
  17  1:23  Hatchery  
  16  1:38  Extractor  
  16  1:39  Zergling x4  
  18  1:40  Zergling x2  
  18  1:48  Queen  
  20  2:11  Drone  
  20  2:12  Drone  
  22  2:23  Overlord  
  22  2:34  Queen  
  24  2:47  Zergling x4  
  24  2:48  Zergling x6  
  29  2:51  Metabolic Boost  
  29  2:56  Drone  
  30  3:03  Zergling x6  
  33  3:29  Drone x3  
  33  3:33  Overlord x2  
  33  3:34  Overlord  
  36  3:51  Overlord x2  
  36  3:57  Drone x4  
  40  4:08  Zergling x4  
  40  4:09  Zergling x4  
Tags
 
Add a new tag
Caveats
  • Supply blocks, unpowered buildings, or Contaminate may cause inaccurate times.
  • Supply counts are checked every 10 seconds.